Map: Oxide LE

Players

PashkaRU - Winner!

  • Race: Protoss Protoss
  • League: Diamond
  • Spawn Location: 7:00

ALUCARDHELL

  • Race: Protoss Protoss
  • League: Diamond
  • Spawn Location: 1:00

VOD

Have the link to the VOD?

Description

Time

  • Played on: March 31, 2021, 9:59 p.m.
  • Length: 5:10
Show
View Real Time Build Order
Export as new Build Order

PashkaRU Protoss - Winner!

Build Orders:  

Get SALT Encoding   

  12  0:00  Probe  
  13  0:12  Probe  
  14  0:18  Pylon  
  14  0:24  Probe  
  15  0:36  Probe (Chrono Boost)  
  15  0:39  Gateway  
  16  0:49  Assimilator  
  16  0:53  Probe (Chrono Boost)  
  17  0:59  Probe  
  18  1:04  Assimilator  
  18  1:13  Gateway  
  18  1:22  Assimilator  
  18  1:30  Probe (Chrono Boost)  
  18  1:32  Cybernetics Core  
  20  1:40  Probe (Chrono Boost)  
  20  1:48  Pylon  
  20  2:01  Probe  
  21  2:13  Probe (Chrono Boost)  
  22  2:19  Stargate  
  22  2:25  Probe (Chrono Boost)  
  23  2:33  Probe (Chrono Boost)  
  24  2:42  Nexus  
  24  2:48  Pylon  
  24  2:57  Void Ray (Chrono Boost)  
  27  3:22  Assimilator  
  25  3:27  Void Ray  
  28  3:54  Assimilator  
  28  4:17  Void Ray  
  22  4:53  Probe  
Show
View Real Time Build Order
Export as new Build Order

ALUCARDHELL Protoss 

Build Orders: Cannon Rush 

Get SALT Encoding   

  12  0:00  Probe  
  13  0:15  Probe  
  14  0:22  Pylon  
  14  0:27  Probe  
  15  0:40  Probe (Chrono Boost)  
  16  0:49  Forge  
  17  0:50  Probe (Chrono Boost)  
  17  0:55  Probe (Chrono Boost)  
  17  1:03  Pylon  
  18  1:08  Pylon  
  18  1:26  Photon Cannon  
  18  1:38  Photon Cannon  
  18  1:45  Pylon  
  17  1:56  Photon Cannon, Probe  
  18  2:04  Assimilator  
  18  2:08  Probe  
  19  2:21  Probe  
  20  2:29  Pylon  
  20  2:33  Probe  
  21  2:39  Pylon  
  21  2:45  Probe, Gateway  
  22  2:55  Photon Cannon  
  22  2:57  Photon Cannon  
  22  3:04  Photon Cannon  
  22  3:08  Probe  
  23  3:29  Photon Cannon  
  23  3:36  Cybernetics Core  
  22  3:44  Photon Cannon  
  22  3:51  Pylon  
  22  3:56  Gateway  
  22  4:06  Pylon  
  21  4:12  Pylon  
  21  4:15  Stalker (Chrono Boost), Assimilator  
  23  4:28  Nexus  
  23  4:40  Pylon  
  23  4:41  Stalker (Chrono Boost)  
Tags
 
Matchup
PvP
Spawn Locations
Cross Positions
Add a new tag
Caveats
  • Supply blocks, unpowered buildings, or Contaminate may cause inaccurate times.
  • Supply counts are checked every 10 seconds.